Map: Blackpink LE

Players

iggythefisk

  • Race: Terran Terran
  • Spawn Location: 1:00

Sadist

  • Race: Terran Terran
  • League: Master
  • Spawn Location: 7:00

matathemyra

  • Race: Terran Terran

PhynixHduO

  • Race: Terran Terran
  • League: Diamond

VOD

Have the link to the VOD?

Description

Time

  • Played on: Nov. 20, 2017, 2:18 p.m.
  • Length: 5:59
Show
View Real Time Build Order
Export as new Build Order

iggythefisk Terran 

Build Orders: Reaper Expand 

Get SALT Encoding   

  12  0:00  SCV  
  13  0:13  SCV  
  14  0:18  Supply Depot  
  14  0:25  SCV  
  15  0:40  SCV  
  15  0:41  Barracks  
  16  0:46  Refinery  
  16  0:52  SCV  
  17  1:04  SCV  
  18  1:16  SCV  
  19  1:32  Orbital Command  
  19  1:34  Reaper  
  20  1:58  Command Center  
  20  1:59  SCV  
  21  2:06  Barracks Reactor  
  21  2:13  Supply Depot  
  21  2:15  SCV  
  22  2:27  Factory, SCV  
  22  2:28  Refinery  
  23  2:39  SCV  
  24  2:46  Marine x2  
  24  2:51  SCV  
  27  3:04  Marine x2  
  29  3:11  Cyclone  
  32  3:13  Supply Depot  
  32  3:15  Orbital Command  
  32  3:19  Barracks  
  32  3:21  SCV  
  32  3:22  Marine x2  
  34  3:34  Engineering Bay  
  34  3:35  Orbital Command  
  34  3:40  Marine x2  
  34  3:57  Marine  
  34  3:58  Marine  
  34  4:00  Cyclone  
  39  4:04  SCV  
  39  4:05  Missile Turret, SCV  
  41  4:12  Missile Turret  
  41  4:16  Marine x2  
  35  4:28  SCV  
  35  4:29  SCV  
  36  4:33  Barracks Tech Lab  
  36  4:34  Marine x2  
  36  4:35  Factory Tech Lab  
  38  4:44  SCV  
  38  4:45  SCV  
  40  4:51  Marine  
  40  4:52  Marine  
  34  5:01  SCV x2  
  34  5:03  Refinery  
  34  5:04  Refinery  
  33  5:09  Marine x2  
  33  5:10  Siege Tank  
  37  5:17  Marauder  
  39  5:30  Marine x2  
Show
View Real Time Build Order
Export as new Build Order

Sadist Terran 

Build Orders: Cyclone Opening 

Get SALT Encoding   

  12  0:00  SCV  
  13  0:12  SCV  
  14  0:17  Supply Depot  
  14  0:25  SCV  
  15  0:30  Refinery  
  15  0:39  SCV  
  16  0:46  Barracks  
  16  0:51  SCV  
  17  1:03  SCV  
  18  1:11  Refinery  
  18  1:15  SCV  
  19  1:34  Reaper, Orbital Command  
  20  1:43  Factory  
  20  1:53  Supply Depot  
  20  2:00  SCV  
  21  2:07  Barracks Reactor  
  21  2:12  SCV  
  22  2:24  SCV  
  22  2:26  Supply Depot  
  22  2:27  Cyclone  
  26  2:40  SCV  
  27  2:47  Starport  
  27  2:52  SCV  
  28  3:01  Barracks Tech Lab  
  28  3:04  Supply Depot  
  28  3:05  Cyclone  
  31  3:10  Cyclone  
  34  3:14  SCV  
  35  3:27  SCV  
  36  3:37  Cyclone  
  40  3:41  SCV  
  40  3:47  Cyclone  
  42  3:56  Command Center  
  42  4:05  Supply Depot  
  41  4:16  SCV  
  42  4:20  Cyclone  
  39  4:28  SCV  
  40  4:35  Cyclone  
  43  4:40  Refinery x2, SCV  
  44  4:48  Barracks Reactor  
  44  4:53  SCV  
  42  5:05  SCV  
  43  5:10  Supply Depot  
  43  5:12  Engineering Bay, Hellion x2  
  47  5:17  Orbital Command  
  47  5:20  SCV  
  50  5:32  SCV  
  51  5:37  Barracks Tech Lab  
  53  5:44  SCV  
  53  5:46  SCV  
  57  5:50  Supply Depot  
Show
View Real Time Build Order
Export as new Build Order

matathemyra Terran 

Build Orders:  

Get SALT Encoding   

Show
View Real Time Build Order
Export as new Build Order

PhynixHduO Terran 

Build Orders:  

Get SALT Encoding   

Tags
 
Add a new tag
Caveats
  • Supply blocks, unpowered buildings, or Contaminate may cause inaccurate times.
  • Supply counts are checked every 10 seconds.